 Dungeon Crawl Stone Soup version 0.19.3-4-gbf9329e (console) character file.

4638 Grinner the Bludgeoner (level 10, -2/92 HPs)
             Began as an Ogre Monk on Jan 30, 2017.
             Was an Elder of Okawaru.
             Killed from afar by Psyche (12 damage)
             ... with a puff of flame
             ... on level 8 of the Dungeon.
             The game lasted 00:22:02 (8917 turns).

Grinner the Bludgeoner (Ogre Monk)                  Turns: 8917, Time: 00:22:03

Health: -2/92      AC:  7    Str: 23    XL:     10   Next: 43%
Magic:  15/15      EV: 14    Int:  9    God:    Okawaru [****..]
Gold:   480        SH:  0    Dex: 10    Spells: 0 memorised, 9 levels left

rFire  . . .     SeeInvis .     a - +3 flail
rCold  . . .     Gourm    .     r - +0 robe
rNeg   . . .     Faith    .     (no shield)
rPois  .         Spirit   .     (helmet restricted)
rElec  .         Reflect  .     d - +1 cloak
rCorr  .         Harm     .     (gloves unavailable)
MR     +....     Rnd*Tele +     (boots unavailable)
Stlth  ++........               (no amulet)
                                m - +3 ring of protection
                                v - ring of stealth

@: very slightly contaminated, hasted, drained, very quick
A: unfitting armour, repulsion field 1, blurry vision 1, clumsy 1, deformed
body, strong 1, teleportitis 1, tough skin 1, no device heal 1, MP-powered wands
a: Heroism, Renounce Religion


You were on level 8 of the Dungeon.
You worshipped Okawaru.
Okawaru was greatly pleased with you.
You were not hungry.

You visited 2 branches of the dungeon, and saw 10 of its levels.
You also visited: Sewer.

You collected 480 gold pieces.

Inventory:

Hand Weapons
 a - a +3 flail (weapon)
 b - a +0 giant club
 l - a +1 whip of flaming
 q - a +0 mace
Armour
 d - a +1 cloak (worn)
 r - a +0 robe (worn)
Jewellery
 m - a +3 ring of protection (right hand)
 v - a ring of stealth (left hand)
Wands
 i - a wand of digging (3/24)
 j - a wand of flame (14/48)
 x - a wand of lightning (6/15)
 B - a wand of iceblast (8/15)
Scrolls
 e - 2 scrolls of magic mapping
 f - 4 scrolls of teleportation
 g - 2 scrolls of immolation
 h - a scroll of blinking
 k - a scroll of fear
 n - 2 scrolls of recharging
 p - a scroll of enchant armour
 w - a scroll of silence {unknown}
 y - a scroll of vulnerability {unknown}
Potions
 o - a potion of lignification
 t - a potion of brilliance
 u - 3 potions of might
 A - a potion of cancellation
Books
 z - a book of Flames

   Spells                             Type                      Level
   a - Flame Tongue                   Conjuration/Fire             1
   b - Throw Flame                    Conjuration/Fire             2
   c - Conjure Flame                  Conjuration/Fire             3
   d - Inner Flame                    Hexes/Fire                   3
   e - Sticky Flame                   Conjuration/Fire             4
   f - Fireball                       Conjuration/Fire             5
Comestibles
 c - 7 bread rations


   Skills:
 - Level 4.0(3.0) Fighting
 + Level 15.0(13.7) Maces & Flails
 + Level 6.5(5.4) Dodging
 - Level 1.4(0.4) Stealth
 + Level 7.0(5.9) Invocations


You had 9 spell levels left.
You didn't know any spells.

Dungeon Overview and Level Annotations

Branches:
Dungeon (9/15)             Temple (1/1) D:4
   Lair: D:8-11         Orc: D:9-12

Altars:
Ashenzari
Dithmenos
Elyvilon
Fedhas
Gozag
Hepliaklqana
Kikubaaqudgha
Makhleb
Nemelex Xobeh
Okawaru
Qazlal
Ru
Sif Muna
Trog
Uskayaw
Vehumet
Xom
Yredelemnul
Zin
The Shining One

Annotations:
D:8 Psyche


Innate Abilities, Weirdness & Mutations

You are too large for most types of armour.
You have tough skin. (AC +1)
You are surrounded by a mild repulsion field. (EV +2)
Scrolls take you a little longer to read.
You are clumsy. (Dex -2)
Armour fits poorly on your strangely shaped body.
Your muscles are strong. (Str +2)
You are occasionally teleported next to monsters.
Potions and wands are less effective at restoring your health.
You expend magic power (3 MP) to strengthen your wands.


Message History

* * * LOW HITPOINT WARNING * * *
You sock Psyche!
Psyche is severely wounded.
Psyche misses you.
You bump into the rock wall.
You feel less confused.
Psyche casts a spell.
Psyche flickers and vanishes!
Deactivating autopickup; reactivate with Ctrl-A.
You thump something! Something hits you but does no damage.
You miss something.
You hear some strange, mumbled words.
A puff of flame appears from out of thin air!
The puff of flame hits you!
* * * LOW HITPOINT WARNING * * *
You miss something.
You hear some strange, mumbled words.
A puff of flame appears from out of thin air!
The puff of flame hits you!
You die...

########
#.[....#
#.####.# #.#
#.# #.#
#.###########
#######.#
#....@{.....#
..>.....#
###########.#
.#.######
.#'####
......#
......#
......#
......#
.#+####


There were no monsters in sight!

Vanquished Creatures
  Pikel (D:4)
  Maurice (D:8)
  Sigmund (D:6)
  A spriggan (D:8)
  Grum (D:8)
  A hungry ghost (D:8)
  Duvessa (D:7)
  3 slaves (D:4)
  2 sky beasts
  2 phantoms
  2 black bears
  An eye of draining (D:8)
  3 ogres
  2 wolves (D:8)
  2 centaurs (D:8)
  3 big kobolds
  4 bullfrogs
  Dowan (D:7)
  A howler monkey (D:6)
  3 wights (D:8)
  2 crimson imps
  2 centaur zombies
  2 hounds
  A centaur skeleton (D:9)
  A bullfrog skeleton (D:4)
  An orc priest (D:3)
  5 orc wizards
  4 iguanas
  4 worker ants
  2 hound skeletons
  A howler monkey zombie (D:6)
  Robin (D:4)
  A howler monkey skeleton (D:5)
  5 gnolls
  8 adders
  2 river rats (Sewer)
  A shadow imp (D:5)
  6 oozes
  An adder skeleton (D:9)
  6 worms (Sewer)
  4 dart slugs
  10 leopard geckos
  16 orcs
  7 giant cockroaches
  14 hobgoblins
  5 jackals
  3 quokkas
  5 ball pythons
  3 bats
  2 frilled lizards
  16 goblins
  20 kobolds
  A quokka skeleton (D:4)
  12 rats
210 creatures vanquished.

Vanquished Creatures (others)
  A slave (D:4)
  A worker ant (D:4)
  An orc (D:4)
3 creatures vanquished.

Grand Total: 213 creatures vanquished

Notes
Turn   | Place    | Note
-------+----------+-------------------------------------------
     0 | D:1      | Grinner the Ogre Monk began the quest for the Orb.
     0 | D:1      | Reached XP level 1. HP: 24/24 MP: 1/1
    55 | D:1      | Reached XP level 2. HP: 32/32 MP: 2/2
   371 | D:1      | Reached skill level 5 in Maces & Flails
   488 | D:1      | Reached XP level 3. HP: 35/39 MP: 3/3
  1002 | D:2      | Reached skill level 6 in Maces & Flails
  1137 | D:2      | Reached XP level 4. HP: 47/48 MP: 4/4
  1665 | D:3      | Found a radiant altar of Vehumet.
  1819 | D:3      | Found a glowing drain.
  1839 | Sewer    | Entered a sewer
  1994 | Sewer    | Reached skill level 7 in Maces & Flails
  2169 | Sewer    | Reached XP level 5. HP: 50/54 MP: 5/5
  2506 | Sewer    | Noticed a big kobold
  2531 | Sewer    | Killed a big kobold
  2531 | Sewer    | Reached skill level 8 in Maces & Flails
  2531 | Sewer    | Reached XP level 6. HP: 58/62 MP: 6/6
  2558 | Sewer    | Reached skill level 9 in Maces & Flails
  3515 | D:3      | Reached skill level 10 in Maces & Flails
  3515 | D:3      | Reached XP level 7. HP: 33/70 MP: 7/7
  4243 | D:4      | Noticed Pikel
  4324 | D:4      | Killed Pikel
  4324 | D:4      | Reached skill level 12 in Maces & Flails
  4324 | D:4      | Reached XP level 8. HP: 47/78 MP: 8/8
  4601 | D:4      | Noticed Robin
  4619 | D:4      | Killed Robin
  4646 | D:4      | Reached skill level 13 in Maces & Flails
  4746 | D:4      | Found a staircase to the Ecumenical Temple.
  4755 | Temple   | Entered the Ecumenical Temple
  4993 | Temple   | Became a worshipper of Warmaster Okawaru
  4993 | Temple   | Reached * piety under Okawaru
  4993 | Temple   | Reached ** piety under Okawaru
  5227 | D:5      | Entered Level 5 of the Dungeon
  5547 | D:5      | Found a stormy altar of Qazlal.
  5564 | D:5      | Found a sacrificial altar of Ru.
  5594 | D:5      | Found a radiant altar of Vehumet.
  5734 | D:5      | Found a blossoming altar of Fedhas.
  5865 | D:5      | Reached skill level 1 in Invocations
  6030 | D:5      | Found a glowing golden altar of the Shining One.
  6125 | D:6      | Noticed Sigmund
  6134 | D:6      | Killed Sigmund
  6232 | D:6      | Reached XP level 9. HP: 60/84 MP: 9/11
  6522 | D:6      | Found a white marble altar of Elyvilon.
  6645 | D:6      | Found a burning altar of Makhleb.
  6645 | D:6      | Noticed a blizzard demon
  6766 | D:6      | Found a shadowy altar of Dithmenos.
  7010 | D:6      | Gained mutation: You are surrounded by a mild repulsion field. (EV +2) [potion of mutation]
  7010 | D:6      | Gained mutation: Your mind is acute. (Int +2) [potion of mutation]
  7011 | D:6      | Gained mutation: You expend magic power (3 MP) to strengthen your wands. [potion of mutation]
  7011 | D:6      | Gained mutation: Potions and wands are less effective at restoring your health. [potion of mutation]
  7052 | D:7      | Noticed Dowan
  7053 | D:7      | Noticed Duvessa
  7058 | D:7      | Killed Duvessa
  7065 | D:7      | Killed Dowan
  7065 | D:7      | Reached *** piety under Okawaru
  7180 | D:7      | Gained mutation: You are clumsy. (Dex -2) [potion of mutation]
  7180 | D:7      | Gained mutation: You are occasionally teleported next to monsters. [potion of mutation]
  7181 | D:7      | Gained mutation: Scrolls take you a little longer to read. [potion of mutation]
  7181 | D:7      | Gained mutation: Your muscles are strong. (Str +2) [potion of mutation]
  7181 | D:7      | Lost mutation: Your mind is acute. (Int +2) [potion of mutation]
  7629 | D:7      | Reached skill level 14 in Maces & Flails
  7657 | D:8      | Found Kabrul's Weapon Shoppe.
  7658 | D:8      | You fall through a shaft!
  7659 | D:9      | Found a shattered altar of Ashenzari.
  7660 | D:9      | Noticed a hornet
  7691 | D:9      | Found an ancient bone altar of Kikubaaqudgha.
  7781 | D:9      | Reached skill level 5 in Dodging
  7864 | D:9      | Reached skill level 5 in Invocations
  7959 | D:8      | Gained mutation: Armour fits poorly on your strangely shaped body. [mutagenic meat]
  8272 | D:8      | Noticed Maurice
  8280 | D:8      | Reached **** piety under Okawaru
  8280 | D:8      | Reached XP level 10. HP: 61/92 MP: 14/14
  8308 | D:8      | Killed Maurice
  8323 | D:8      | Found an opulent altar of Gozag.
  8324 | D:8      | Found a sparkling altar of Nemelex Xobeh.
  8826 | D:8      | Noticed Grum
  8839 | D:8      | Killed Grum
  8839 | D:8      | Reached skill level 15 in Maces & Flails
  8888 | D:8      | Noticed Psyche
  8917 | D:8      | Killed from afar by Psyche

Skill      XL: |  1  2  3  4  5  6  7  8  9 10 |
---------------+-------------------------------+-----
Maces & Flails | 5 6 7 8 10 12 13 14 15 | 15.0
Dodging        | 3 5 6 |  6.5
Invocations    | 2 5 7 |  7.0
Fighting       | |  4.0
Stealth        | |  1.4

Action                   |  1- 3 |  4- 6 |  7- 9 | 10-12 || total
-------------------------+-------+-------+-------+-------++-------
Melee: Mace              |    87 |   280 |    34 |       ||   401
       Giant club        |       |       |    29 |       ||    29
       Whip              |       |       |   434 |    69 ||   503
       Flail             |       |       |       |    35 ||    35
Evoke: Wand              |       |       |     2 |     6 ||     8
  Use: Scroll            |       |     7 |     8 |     1 ||    16
       Potion            |       |     3 |    15 |     4 ||    22
 Stab: Sleeping          |       |     1 |     8 |     2 ||    11
  Eat: Chunk             |       |     4 |     4 |     2 ||    10
       Meat ration       |       |     1 |     3 |       ||     4
       Beef jerky        |       |       |     2 |       ||     2
Armor: Robe              |    20 |    84 |    70 |    20 ||   194
       Skin              |       |       |    41 |    30 ||    71
Dodge: Dodged            |    51 |   136 |   164 |    31 ||   382
